 Dungeon Crawl Stone Soup version 0.24-a0-528-g98e85ec62a (webtiles) character file.

Game seed: 11155288280704270978

401484 Peloso the Hoplite (level 22, -9/213 HPs)
             Began as a Minotaur Fighter on Aug 6, 2019.
             Was the Champion of Okawaru.
             Hit by a large rock thrown by a stone giant (36 damage)
             ... on level 5 of the Vaults.
             The game lasted 02:49:10 (56568 turns).

Peloso the Hoplite (Minotaur Fighter)              Turns: 56568, Time: 02:49:11

Health: -9/213     AC: 40    Str: 30    XL:     22   Next: 29%
Magic:  20/22      EV: 17    Int:  9    God:    Okawaru [******]
Gold:   1010       SH: 28    Dex: 15    Spells: 21/21 levels left

rFire    + + +     SeeInvis +   a - +10 double sword of Uncomfortable Rashes {drain, rF++ rC+ MR- SInv}
rCold    + + +     Gourm    .   c - +0 large shield {reflect}
rNeg     + . .     Faith    +   Y - +14 plate armour of the Lair of Beasts {rElec rPois MR- Dex-4}
rPois    +         Spirit   .   U - -2 hat of the Alchemist {rElec rPois rF+ rC+ rN+ MR+ rMut rCorr}
rElec    +         Reflect  +   x - scarf {cloud immunity}
rCorr    +         Harm     .   S - +2 pair of gloves {Str+3}
rMut     +                      A - +2 pair of boots {Stlth+}
MR       ++...                  k - amulet of faith
Stlth    +.........             D - ring "Bafet" {rPois rC+ MR+ Int+4 Dex+5}
HPRegen  0.45/turn              u - ring of protection from magic
MPRegen  0.18/turn

@: heroism, marked
A: retaliatory headbutt, horns 2
}: 2/15 runes: serpentine, barnacled
a: Heroism, Finesse, Renounce Religion


You were on level 5 of the Vaults.
You worshipped Okawaru.
Okawaru was exalted by your worship.
You were very hungry.

You visited 8 branches of the dungeon, and saw 40 of its levels.
You also visited: Trove, Ice Cave and Volcano.

You collected 4604 gold pieces.
You spent 3594 gold pieces at shops.

Inventory:

Hand Weapons
 a - the +10 double sword of Uncomfortable Rashes (weapon) {drain, rF++ rC+ MR- SInv}
   (Okawaru gifted it to you on level 15 of the Dungeon)

   A truly terrible weapon, it drains the life of those it strikes.
   It greatly protects you from fire.
   It protects you from cold.
   It affects your resistance to hostile enchantments.
   It lets you see invisible.
 b - a +7 vampiric demon blade
 e - a +4 double sword of slicing
 j - a +1 demon blade of venom
 K - a +4 scimitar of flaming
Armour
 c - a +0 large shield of reflection (worn)
 o - the +2 pair of gloves of Okawaru {-Cast rC+ Regen+ Slay+2}
   (Okawaru gifted it to you on level 1 of the Elven Halls)

   It affects your accuracy and damage with ranged weapons and melee attacks
   (+2).
   It protects you from cold.
   It prevents spellcasting.
   It increases your rate of regeneration.
 q - +0 fire dragon scales
 x - a scarf of cloud immunity (worn)
 A - a +2 pair of boots of stealth (worn)
 B - +0 ice dragon scales
 S - a +2 pair of gloves of strength (worn)
 U - the -2 hat of the Alchemist (worn) {rElec rPois rF+ rC+ rN+ MR+ rMut rCorr}
   (You bought it in a shop on level 2 of the Orcish Mines)

   It protects you from fire.
   It protects you from cold.
   It insulates you from electricity.
   It protects you from poison.
   It protects you from negative energy.
   It affects your resistance to hostile enchantments.
   It provides partial protection from all sources of acid and corrosion.
   It protects you from mutation.
 Y - the +14 plate armour of the Lair of Beasts (worn) {rElec rPois MR- Dex-4}
   (You found it on level 3 of the Snake Pit)

   It affects your dexterity (-4).
   It insulates you from electricity.
   It protects you from poison.
   It affects your resistance to hostile enchantments.
 Z - the +7 chain mail of the Vacuum {Dex+4}
   (Okawaru gifted it to you in an ice cave)

   It affects your dexterity (+4).
Jewellery
 k - an amulet of faith (around neck)
 u - a ring of protection from magic (right hand)
 w - an uncursed ring of fire
 y - an uncursed ring of resist corrosion
 D - the ring "Bafet" (left hand) {rPois rC+ MR+ Int+4 Dex+5}
   (You found it on level 6 of the Dungeon)

   [ring of dexterity]

   It affects your intelligence (+4).
   It affects your dexterity (+5).
   It protects you from cold.
   It protects you from poison.
   It affects your resistance to hostile enchantments.
Wands
 E - a wand of disintegration (19)
 G - a wand of digging (24)
Scrolls
 d - 6 scrolls of amnesia
 g - 2 scrolls of enchant armour
 h - 15 scrolls of identify
 l - a scroll of fear
 p - 15 scrolls of remove curse
 r - 3 scrolls of teleportation
 t - 2 scrolls of fog
 z - 6 scrolls of magic mapping
 C - a scroll of noise
 F - a scroll of enchant weapon
 H - 11 scrolls of blinking
Potions
 i - 2 potions of berserk rage
 n - 2 potions of resistance
 s - 3 potions of curing
 v - 10 potions of flight
 P - 6 potions of might
 Q - 4 potions of mutation
 R - 10 potions of agility
 X - 2 potions of haste
Comestibles
 f - 71 rations


   Skills:
 + Level 21.3(26.3) Fighting
 + Level 22.5(27) Long Blades
 + Level 18.6(23.6) Armour
 + Level 8.1(13.1) Dodging
 + Level 3.8(8.8) Stealth
 + Level 25.9(27) Shields
 + Level 2.1 Invocations
 + Level 2.1 Evocations


You had 21 spell levels left.
You didn't know any spells.
Your spell library contained the following spells:

 Spells                   Type           Power        Failure   Level  Hunger
 Animate Skeleton         Necr           N/A          80%         1    ##.....
 Beastly Appendage        Tmut           #.....       80%         1    ##.....
 Confusing Touch          Hex            #.....       80%         1    ##.....
 Corona                   Hex            #......      80%         1    ##.....
 Flame Tongue             Conj/Fire      #....        80%         1    ##.....
 Freeze                   Ice            #...         80%         1    ##.....
 Infusion                 Chrm           #...         80%         1    ##.....
 Magic Dart               Conj           #...         80%         1    ##.....
 Pain                     Necr           #...         80%         1    ##.....
 Sandblast                Erth           #.....       80%         1    ##.....
 Sting                    Conj/Pois      #...         80%         1    ##.....
 Summon Small Mammal      Summ           #...         80%         1    ##.....
 Call Imp                 Summ           #.......     90%         2    ###....
 Ensorcelled Hibernation  Hex/Ice        #.....       90%         2    ###....
 Passwall                 Tmut/Erth      #.......     90%         2    ###....
 Poisonous Vapours        Pois/Air       #.....       90%         2    ###....
 Searing Ray              Conj           #.....       90%         2    ###....
 Shroud of Golubria       Chrm/Tloc      #.....       90%         2    ###....
 Song of Slaying          Chrm           #.......     90%         2    ###....
 Sticks to Snakes         Tmut           #.......     90%         2    ###....
 Swiftness                Chrm/Air       #.......     90%         2    ###....
 Throw Flame              Conj/Fire      #.....       90%         2    ###....
 Throw Frost              Conj/Ice       #.....       90%         2    ###....
 Call Canine Familiar     Summ           #.......     99%         3    ####...
 Confuse                  Hex            #.......     99%         3    ####...
 Conjure Flame            Conj/Fire      #.......     99%         3    ####...
 Dazzling Spray           Conj/Hex       #.....       99%         3    ####...
 Gell's Gravitas          Tloc           #.........   99%         3    ####...
 Inner Flame              Hex/Fire       #.......     99%         3    ####...
 Mephitic Cloud           Conj/Pois/Air  #.......     99%         3    ####...
 Ozocubu's Armour         Chrm/Ice       #.......     99%         3    ####...
 Regeneration             Chrm/Necr      #.........   99%         3    ####...
 Spectral Weapon          Hex/Chrm       #.......     99%         3    ####...
 Spider Form              Tmut/Pois      #.........   99%         3    ####...
 Stone Arrow              Conj/Erth      #.....       99%         3    ####...
 Summon Guardian Golem    Hex/Summ       #.......     99%         3    ####...
 Tukima's Dance           Hex            #.......     99%         3    ####...
 Vampiric Draining        Necr           #.........   99%         3    ####...
 Animate Dead             Necr           N/A          100%        4    #####..
 Cause Fear               Hex            #.........   100%        4    #####..
 Force Lance              Conj/Tloc      #.......     100%        4    #####..
 Fulminant Prism          Conj/Hex       #.........   100%        4    #####..
 Ice Form                 Ice/Tmut       #.......     100%        4    #####..
 Iskenderun's Mystic Bla  Conj           #.......     100%        4    #####..
 Leda's Liquefaction      Hex/Erth       #.........   100%        4    #####..
 Olgreb's Toxic Radiance  Pois           #.......     100%        4    #####..
 Petrify                  Tmut/Erth      #.......     100%        4    #####..
 Sticky Flame             Conj/Fire      #.......     100%        4    #####..
 Summon Ice Beast         Ice/Summ       #.......     100%        4    #####..
 Summon Lightning Spire   Summ/Air       #.......     100%        4    #####..
 Throw Icicle             Conj/Ice       #.......     100%        4    #####..
 Aura of Abjuration       Summ           #.........   100%        5    ######.
 Blade Hands              Tmut           #.........   100%        5    ######.
 Bolt of Magma            Conj/Fire/Erth #.........   100%        5    ######.
 Fireball                 Conj/Fire      #.........   100%        5    ######.
 Irradiate                Conj/Tmut      #.........   100%        5    ######.
 Iskenderun's Battlesphe  Conj/Chrm      #.......     100%        5    ######.
 Lee's Rapid Deconstruct  Erth           #.........   100%        5    ######.
 Metabolic Englaciation   Hex/Ice        #.........   100%        5    ######.
 Venom Bolt               Conj/Pois      #.........   100%        5    ######.
 Yara's Violent Unravell  Hex/Tmut       #.........   100%        5    ######.
 Bolt of Fire             Conj/Fire      #.........   100%        6    #######
 Hydra Form               Tmut           #.........   100%        6    #######
 Iron Shot                Conj/Erth      #.........   100%        6    #######
 Statue Form              Tmut/Erth      #........    100%        6    #######
 Dragon Form              Tmut           #.........   100%        7    #######
 Haunt                    Necr/Summ      #.........   100%        7    #######
 Orb of Destruction       Conj           #.........   100%        7    #######
 Spellforged Servitor     Conj/Summ      #.........   100%        7    #######
 Borgnjor's Revivificati  Necr           #.........   100%        8    #######
 Death's Door             Chrm/Necr      #.........   100%        8    #######
 Infestation              Necr           #.........   100%        8    #######
 Necromutation            Tmut/Necr      #.........   100%        8    #######
 Dragon's Call            Summ           #.........   100%        9    #######
 Shatter                  Erth           #.........   100%        9    #######


Dungeon Overview and Level Annotations

Branches:
Dungeon (15/15)            Temple (1/1) D:7            Lair (6/6) D:8
 Shoals (4/4) Lair:2        Snake (4/4) Lair:2        Slime (0/5) Lair:6
    Orc (2/2) D:11            Elf (3/3) Orc:2        Vaults (5/5) D:14
  Crypt (0/3) Vaults:3     Depths (0/5) D:15

Altars:
Ashenzari
Dithmenos
Kikubaaqudgha
Nemelex Xobeh
Okawaru
Qazlal
Sif Muna
Trog
Uskayaw
Vehumet
Xom
Zin
The Shining One
Beogh
Lugonu

Shops:
D:7 %%(   D:9 ?   D:10 *   D:11 *   Orc:1 (%*}   Orc:2 [![(   Elf:3 [
Snake:2 }}=   Vaults:1 :**   Vaults:3 *   Vaults:4 [?*?(

Annotations:
Elf:2 5 runed translucent doors
Vaults:5 Mara


Innate Abilities, Weirdness & Mutations

You reflexively headbutt those who attack you in melee.
You have a pair of horns on your head.


Message History

The frost giant hits you but does no damage.
The deep elf mage casts a spell.
The deep elf mage blinks!
The tengu reaver barely misses you. You furiously retaliate!
You headbutt the tengu reaver!
You riposte.
You barely miss the tengu reaver.
The tengu reaver is lightly wounded.
You block the tengu reaver's attack. The tengu reaver closely misses you.
Unknown command.
You feel better.
Your surroundings suddenly seem different.
A stone giant comes into view.
The stone giant shouts!
You hear a shout! x6; You hear two shouts!
You hear a shout!
Found 26 gold pieces.
You feel better.
The stone giant throws a large rock.
You reflect the large rock off your +0 large shield of reflection!
The large rock hits the stone giant!!!
You gain the combat prowess of a mighty hero.
The stone giant throws a large rock.
The large rock hits you!!!
You die...

#..#
#..#
#..#
#..#
#..#
#..#
#..#
#@.#
#..#
#..#
...#
...#
...C#
..$.#
######


You could see a stone giant.

Vanquished Creatures
  Bai Suzhen (Elf:2)
  Margery (Vaults:2)
  Frederick (Vaults:2)
  An Ice Fiend (IceCv)
  A deep elf master archer (Elf:1)
  4 deep elf blademasters
  A sphinx (Vaults:2)
  2 krakens
  Agnes (Snake:4)
  Ilsuiw (Shoals:4)
  7 nagarajas
  The ghost of iamserjio the Warrior, an adept OpCK of Uskayaw (Elf:1)
  The ghost of Ypturch the Warrior, a journeyman MiFi of Okawaru (Snake:3)
  4 fire giants
  2 frost giants (Vaults:3)
  13 deep elf sorcerers
  Louise (Snake:4)
  12 vault wardens
  20 ironheart preservers
  An orc warlord (Orc:2)
  A deep elf elementalist (Vaults:5)
  2 very ugly things
  5 stone giants
  An entropy weaver (Vaults:1)
  The ghost of devtcp the Severer, a journeyman MiBe of Trog (Lair:6)
  9 deep elf demonologists
  3 war gargoyles
  7 deep elf annihilators
  A dire elephant (Lair:6)
  The ghost of Stiffzip the Eclecticist, a journeyman SpSk of Ashenzari (Orc:2)
  11 deep elf death magi
  A fire dragon (Vaults:2)
  6 merfolk javelineers
  An ettin (Vaults:4)
  4 merfolk impalers
  2 jiangshi (Vaults:3)
  4 great orbs of eyes
  3 deep elf high priests
  6 yaktaur captains
  Fannar (D:10)
  31 vault guards
  10 naga warriors
  An ice dragon (Vaults:3)
  13 hydras
  8 anacondas
  A catoblepas (Lair:6)
  An alligator snapping turtle (Shoals:2)
  Erica (D:8)
  4 centaur warriors
  3 merfolk avatars
  9 ogre magi
  7 merfolk aquamancers
  8 dancing weapons
  34 two-headed ogres
  A death knight (Vaults:3)
  3 satyrs
  4 death yaks (Lair:6)
  2 deep troll earth magi
  A deep troll shaman (Lair:6)
  A tengu warrior (D:13)
  2 orc high priests (Orc:2)
  9 shock serpents
  14 deep elf knights
  Sonja (Lair:1)
  Nergalle (Lair:1)
  A titan skeleton (Vaults:4)
  12 naga sharpshooters
  7 hell knights
  A fire crab (Shoals:2)
  A fire crab (shapeshifter) (Vaults:3)
  A large abomination (Vaults:2)
  A shadow wraith (Vaults:3)
  A flayed ghost (Vaults:2)
  6 salamander mystics
  3 unseen horrors
  11 sea snakes
  13 deep trolls
  11 naga ritualists
  3 wizards
  A glowing orange brain (Vaults:4)
  3 phantasmal warriors
  18 deep elf archers
  8 ironbrand convokers
  An orange crystal statue (D:12)
  A wolf spider zombie (D:15)
  26 harpies
  4 necromancers
  A lindwurm (Lair:6)
  15 mana vipers
  10 orc knights
  A harpy (shapeshifter) (Vaults:2)
  3 wolf spiders
  55 deep elf magi
  17 ugly things
  14 manticores
  5 cyclopes
  2 orc sorcerers (Orc:2)
  18 salamanders
  23 fauns
  7 merfolk sirens
  A moth of wrath (Elf:1)
  2 molten gargoyles (Volcano)
  5 water nymphs
  Joseph (Lair:1)
  17 naga magi
  2 ice statues
  7 elephants
  35 black mambas
  7 guardian serpents
  9 spiny frogs
  3 gargoyles
  2 rime drakes
  A kobold demonologist (D:11)
  A storm dragon simulacrum (Vaults:1)
  17 vault sentinels
  8 freezing wraiths
  An efreet (D:15)
  3 anaconda simulacra (IceCv)
  8 komodo dragons
  23 yaktaurs
  6 ice devils (IceCv)
  A yaktaur skeleton (Vaults:4)
  6 trolls
  A harpy zombie (D:14)
  Grinder (D:6)
  A merfolk (shapeshifter) (Vaults:1)
  The ghost of Loninniva the Slasher, an amateur MiGl (D:15)
  38 merfolk
  2 polar bears
  3 hornets (Vaults:1)
  5 wind drakes
  A tengu conjurer (D:13)
  8 blink frogs
  13 snapping turtles
  A tengu simulacrum (Vaults:3)
  11 hippogriffs
  A frost giant simulacrum (Vaults:2)
  A fire giant simulacrum (Vaults:2)
  26 slime creatures
  4 redbacks (Vaults:1)
  4 dire elephant simulacra (IceCv)
  A tarantella (shapeshifter) (Vaults:3)
  A spriggan (shapeshifter) (Elf:1)
  2 air elementals
  6 wyverns
  An orc simulacrum (Vaults:1)
  4 wraiths
  3 basilisks
  12 water elementals
  A shadow (D:11)
  28 yaks
  3 fire bats
  A golden eye (shapeshifter) (Vaults:4)
  A fire elemental (Elf:3)
  18 humans (D:14)
  The ghost of Sassenached the Skirmisher, an amateur DsWn (D:4)
  4 vampire mosquitoes (Lair:6)
  A hungry ghost (D:9)
  4 wargs
  2 insubstantial wisps (Lair:6)
  50 nagas
  A harpy simulacrum (IceCv)
  5 iron troll simulacra (IceCv)
  Edmund (D:3)
  A warg (shapeshifter) (Vaults:4)
  2 acid dragons
  A human skeleton (Vaults:4)
  18 water moccasins
  6 hydra simulacra (IceCv)
  6 porcupines
  5 ice beasts
  A swamp drake (shapeshifter) (Vaults:3)
  6 sky beasts
  A black bear (shapeshifter) (D:15)
  48 orc warriors
  5 black bears
  An eye of draining (D:12)
  An eye of draining (shapeshifter) (D:13)
  4 phantoms
  20 ogres
  33 wolves
  A hornet zombie (D:15)
  9 boggarts (Vaults:3)
  11 centaurs
  7 crocodiles
  16 big kobolds
  12 bullfrogs
  5 earth elementals
  2 water moccasin zombies
  3 scorpions
  An elf simulacrum (Vaults:4)
  12 killer bees (D:12)
  11 wights
  4 howler monkeys
  7 crimson imps
  3 centaur zombies
  6 lava snakes (Volcano)
  A bullfrog zombie (D:10)
  28 orc priests
  3 jellies
  5 hounds
  3 bullfrog skeletons
  36 orc wizards
  Crazy Yiuf (D:4)
  6 centaur skeletons
  3 iguanas
  Natasha (thrice) (D:4)
  8 worker ants
  A polar bear simulacrum (IceCv)
  7 troll simulacra (IceCv)
  A spriggan simulacrum (IceCv)
  A hound zombie (D:6)
  2 worker ant zombies
  5 gnolls
  2 ogre simulacra (IceCv)
  9 adders
  2 naga simulacra (IceCv)
  2 shadow imps
  8 white imps (IceCv)
  2 oozes
  6 ufetubi (IceCv)
  2 adder skeletons
  2 worms (D:4)
  6 dart slugs
  4 leopard geckos
  141 orcs
  9 giant cockroaches
  5 goblins
  11 hobgoblins
  14 jackals
  A quokka (D:4)
  2 ball pythons
  10 bats
  4 frilled lizards
  A giant cockroach zombie (D:6)
  62 kobolds
  A leopard gecko skeleton (D:4)
  A quokka skeleton (D:5)
  10 rats
  2 butterflies
  A crawling corpse (Vaults:2)
  4 fungi
  13 plants
  4 tentacles
1784 creatures vanquished.

Vanquished Creatures (others)
  2 yaktaur captains
  A centaur warrior (Vaults:1)
  A deep troll shaman (Vaults:4)
  A necromancer (Vaults:2)
  2 deep elf archers
  A vault sentinel (Vaults:2)
  7 yaktaurs
  An orc priest (Orc:2)
  An orc wizard (Vaults:1)
  An orc (Orc:2)
  5 fungi
  17 plants
  13 tentacles
53 creatures vanquished.

Grand Total: 1837 creatures vanquished

Notes
Turn   | Place    | Note
-------+----------+-------------------------------------------
     0 | D:1      | Peloso the Minotaur Fighter began the quest for the Orb.
     0 | D:1      | Reached XP level 1. HP: 19/19 MP: 0/0
   148 | D:1      | Reached XP level 2. HP: 24/27 MP: 1/1
   290 | D:1      | Reached skill level 4 in Shields
   636 | D:2      | Reached XP level 3. HP: 32/33 MP: 2/2
   833 | D:2      | Found a shattered altar of Ashenzari.
  1026 | D:2      | Found a faded altar of an unknown god.
  1168 | D:2      | Found a sparkling altar of Nemelex Xobeh.
  1232 | D:2      | Found a shimmering altar of Xom.
  1242 | D:2      | Found a bloodstained altar of Trog.
  1247 | D:2      | Found a hide-covered altar of Uskayaw.
  1250 | D:2      | Found an ancient bone altar of Kikubaaqudgha.
  1388 | D:3      | Reached XP level 4. HP: 40/40 MP: 3/3
  1454 | D:3      | Reached skill level 1 in Dodging
  1850 | D:3      | Reached XP level 5. HP: 39/46 MP: 4/4
  2315 | D:4      | Noticed Edmund
  2333 | D:3      | Killed Edmund
  2333 | D:3      | Reached skill level 5 in Long Blades
  2333 | D:3      | Reached skill level 5 in Shields
  2333 | D:3      | Reached XP level 6. HP: 17/53 MP: 5/5
  2821 | D:4      | Reached skill level 5 in Armour
  2948 | D:4      | Reached XP level 7. HP: 46/60 MP: 6/6
  3225 | D:4      | Found a runed translucent gate.
  3225 | D:4      | Found a runed translucent gate.
  3225 | D:4      | Found a runed translucent gate.
  3226 | D:4      | Identified the cursed +1 short sword of Dorchu {chaos,
                  | *Slow rF++ Dex+4}
  3227 | D:4      | Noticed Sassenached's ghost (amateur DsWn)
  3288 | D:4      | Found a runed translucent door.
  3289 | D:4      | Noticed Crazy Yiuf
  3335 | D:4      | Noticed Natasha
  3339 | D:4      | Killed Natasha
  3339 | D:4      | Reached skill level 5 in Fighting
  3410 | D:4      | Noticed Natasha
  3416 | D:4      | Killed Natasha
  3533 | D:4      | Killed Crazy Yiuf
  3553 | D:5      | Entered Level 5 of the Dungeon
  3858 | D:5      | Reached skill level 6 in Shields
  3859 | D:5      | Reached XP level 8. HP: 64/68 MP: 7/7
  4385 | D:6      | Reached skill level 7 in Shields
  4466 | D:6      | Noticed Grinder
  4506 | D:6      | Killed Grinder
  4739 | D:6      | Found a shimmering altar of Xom.
  4754 | D:6      | Got a vibrating ivory ring
  4848 | D:6      | Reached XP level 9. HP: 65/75 MP: 8/8
  5823 | D:7      | Found Ibefraaq's Antique Weapon Shoppe.
  5832 | D:7      | Bought a glowing long sword for 175 gold pieces
  6288 | D:7      | Got a warped rapier
  6289 | D:7      | Identified the +1 rapier "Kipleziss" {pierce, rF+ Stlth+}
                  | (You found it on level 7 of the Dungeon)
  6357 | D:7      | Found a staircase to the Ecumenical Temple.
  6404 | D:7      | Reached skill level 10 in Long Blades
  6407 | D:7      | Found Fefoev's Food Emporium.
  6500 | D:7      | Found Ciatugog's Food Emporium.
  6653 | Temple   | Entered the Ecumenical Temple
  6683 | Temple   | Became a worshipper of Warmaster Okawaru
  6750 | D:8      | Noticed Erica
  6760 | D:8      | Reached skill level 8 in Shields
  6769 | D:8      | Killed Erica
  6769 | D:8      | Reached * piety under Okawaru
  6909 | D:8      | Found a staircase to the Lair.
  7069 | D:8      | Reached XP level 10. HP: 83/84 MP: 9/9
  7405 | D:8      | Found a glowing silver altar of Zin.
  7460 | D:8      | Reached skill level 9 in Shields
  7559 | D:9      | Reached ** piety under Okawaru
  7637 | D:9      | Found Kaerai's Magic Scroll Boutique.
  7640 | D:9      | Bought a scroll of magic mapping for 49 gold pieces
  7640 | D:9      | Bought a scroll of identify for 28 gold pieces
  7640 | D:9      | Bought a scroll of teleportation for 42 gold pieces
  7640 | D:9      | Bought a scroll of remove curse for 42 gold pieces
  7640 | D:9      | Bought a scroll of random uselessness for 14 gold pieces
  7645 | D:9      | Identified the ring "Bafet" {rPois rC+ MR+ Int+4 Dex+5}
                  | (You found it on level 6 of the Dungeon)
  7702 | D:9      | Found a glowing golden altar of the Shining One.
  8894 | D:5      | Got a polished dagger
  8895 | D:5      | Identified the +8 dagger of Action {flame, MR+} (You found
                  | it on level 5 of the Dungeon)
  9559 | D:4      | Noticed Natasha
  9562 | D:4      | Killed Natasha
  9685 | D:4      | Killed Sassenached's ghost
  9823 | D:10     | Entered Level 10 of the Dungeon
  9843 | D:10     | Noticed Fannar
  9865 | D:10     | Killed Fannar
  9865 | D:10     | Reached *** piety under Okawaru
  9865 | D:10     | Reached skill level 10 in Shields
  9882 | D:10     | Reached skill level 1 in Stealth
  9884 | D:10     | Noticed a gargoyle
  9897 | D:10     | Killed a gargoyle
  9944 | D:10     | Reached XP level 11. HP: 91/94 MP: 10/10
 10091 | D:10     | Found Llodowyr's Luxury Loot.
 10099 | D:10     | Bought a potion of lignification for 36 gold pieces
 10115 | D:10     | Found a bloodstained altar of Trog.
 10338 | D:11     | Found Folef's Assorted Antiques.
 10485 | D:11     | Found a portal to a secret trove of treasure.
 10514 | D:11     | Noticed a cyan ugly thing
 10520 | D:11     | Killed a cyan ugly thing
 10643 | D:11     | Reached **** piety under Okawaru
 10726 | D:11     | Killed an unseen horror
 11152 | D:11     | Found a staircase to the Orcish Mines.
 11222 | D:11     | Noticed a two-headed ogre
 11233 | D:11     | Killed a two-headed ogre
 11233 | D:11     | Reached ***** piety under Okawaru
 11430 | D:11     | Killed an unseen horror
 11430 | D:11     | Reached skill level 11 in Shields
 11446 | D:11     | Reached skill level 10 in Armour
 11525 | D:11     | Received a gift from Okawaru
 11726 | Lair:1   | Entered Level 1 of the Lair of Beasts
 11728 | Lair:1   | Noticed Nergalle
 11744 | Lair:1   | Killed Nergalle
 11849 | Lair:1   | Noticed Sonja
 11854 | Lair:1   | Killed Sonja
 11968 | Lair:1   | Noticed Joseph
 11981 | Lair:1   | Killed Joseph
 11981 | Lair:1   | Reached XP level 12. HP: 94/105 MP: 11/11
 12010 | Lair:1   | Noticed a six-headed hydra
 12020 | Lair:1   | Killed a one-headed hydra
 12059 | Lair:1   | Reached skill level 1 in Evocations
 12202 | Lair:1   | Noticed a seven-headed hydra
 12208 | Lair:1   | Killed a four-headed hydra
 13228 | Lair:2   | Found a dark tunnel.
 13235 | Volcano  | Entered a volcano
 13277 | Volcano  | Reached skill level 12 in Shields
 13395 | Volcano  | Received a gift from Okawaru
 13543 | Volcano  | Found a burning altar of Makhleb.
 13555 | Volcano  | Reached skill level 10 in Fighting
 14559 | Lair:2   | Reached skill level 1 in Invocations
 14590 | Lair:2   | Reached skill level 15 in Long Blades
 14733 | Lair:2   | Found a staircase to the Snake Pit.
 15130 | Lair:2   | Found a staircase to the Shoals.
 15347 | Lair:3   | Received a gift from Okawaru
 15355 | Lair:3   | Got a jewelled great sword {god gift}
 15544 | Lair:3   | Identified the +4 great sword "Newtslayer" {speed, Str+2
                  | Dex+3} (Okawaru gifted it to you on level 3 of the Lair of
                  | Beasts)
 15602 | Lair:3   | Reached skill level 13 in Shields
 15753 | Lair:3   | Noticed an eight-headed hydra
 15780 | Lair:3   | Reached XP level 13. HP: 98/116 MP: 13/13
 16672 | Lair:4   | Reached ****** piety under Okawaru
 17266 | Lair:5   | Received a gift from Okawaru
 17349 | Lair:5   | Reached skill level 14 in Shields
 19362 | D:13     | Found a corrupted altar of Lugonu.
 19492 | D:13     | Received a gift from Okawaru
 19779 | D:13     | Reached XP level 14. HP: 114/127 MP: 14/14
 19865 | D:14     | Reached skill level 15 in Shields
 20091 | D:14     | Paralysed by a wizard for 5 turns
 20332 | D:14     | Found a gate to the Vaults.
 20561 | D:14     | Received a gift from Okawaru
 20991 | D:15     | Entered Level 15 of the Dungeon
 21024 | D:15     | Found a runed translucent gate.
 21024 | D:15     | Found a runed translucent gate.
 21029 | D:15     | Found a runed translucent gate.
 21031 | D:15     | Identified the +10 glaive of Mioclul {protect, rN+ Int+3}
 21033 | D:15     | Noticed Loninniva's ghost (amateur MiGl)
 21035 | D:15     | Found a roughly hewn altar of Beogh.
 21139 | D:15     | Received a gift from Okawaru
 21283 | D:15     | Got a dazzling double sword {god gift}
 21284 | D:15     | Identified the +10 double sword of Uncomfortable Rashes
                  | {drain, rF++ rC+ MR- SInv} (Okawaru gifted it to you on
                  | level 15 of the Dungeon)
 21296 | D:15     | Got a translucent morningstar
 21297 | D:15     | Identified the +10 morningstar of Yceud {pain, *Rage rElec
                  | Dex+2 Stlth+} (You found it on level 15 of the Dungeon)
 21384 | D:15     | Reached skill level 5 in Dodging
 21393 | D:15     | Found a staircase to the Depths.
 21409 | D:15     | Found a shadowy altar of Dithmenos.
 21727 | D:15     | Killed Loninniva's ghost
 22183 | Orc:1    | Entered Level 1 of the Orcish Mines
 22195 | Orc:1    | Found Zunaf's Food Shoppe.
 22255 | Orc:1    | Found Qoqupt's Gadget Shoppe.
 22314 | Orc:1    | Found Wiafaoquim's Assorted Antiques.
 22317 | Orc:1    | Bought a scroll of teleportation for 81 gold pieces
 22317 | Orc:1    | Bought a slimy hand crossbow for 229 gold pieces
 22319 | Orc:1    | Identified the cursed +3 hand crossbow of the Final
                  | Decision {velocity, rElec SInv} (You bought it in a shop on
                  | level 1 of the Orcish Mines)
 22357 | Orc:2    | Entered Level 2 of the Orcish Mines
 22357 | Orc:2    | Found a bloodstained altar of Trog.
 22366 | Orc:2    | Reached skill level 16 in Shields
 22493 | Orc:2    | Received a gift from Okawaru
 22507 | Orc:2    | Noticed an orc warlord
 22533 | Orc:2    | Killed an orc warlord
 22533 | Orc:2    | Reached XP level 15. HP: 59/137 MP: 13/15
 23143 | Orc:2    | Found a staircase to the Elven Halls.
 23195 | Orc:2    | Found a roughly hewn altar of Beogh.
 23233 | Orc:2    | Found a roughly hewn altar of Beogh.
 23234 | Orc:2    | Found Wakarer's Distillery.
 23265 | Orc:2    | Bought a potion of heal wounds for 90 gold pieces
 23265 | Orc:2    | Bought a potion of heal wounds for 90 gold pieces
 23265 | Orc:2    | Bought a potion of heal wounds for 90 gold pieces
 23265 | Orc:2    | Bought a potion of might for 72 gold pieces
 23265 | Orc:2    | Bought a potion of berserk rage for 90 gold pieces
 23328 | Orc:2    | Found a roughly hewn altar of Beogh.
 23392 | Orc:2    | Found a runed translucent door.
 23427 | Orc:2    | Noticed Stiffzip's ghost (journeyman SpSk)
 23458 | Orc:2    | Killed Stiffzip's ghost
 23544 | Orc:2    | Found Illupp's Antique Armour Shop.
 23549 | Orc:2    | Found a roughly hewn altar of Beogh.
 23553 | Orc:2    | Found Iguf's Antique Weapon Boutique.
 23605 | Orc:2    | Found a roughly hewn altar of Beogh.
 23642 | Orc:2    | Found a roughly hewn altar of Beogh.
 23650 | Orc:2    | Found Pautaug's Armour Shoppe.
 23665 | Orc:2    | Bought the -2 hat of the Alchemist {rElec rPois rF+ rC+ rN+
                  | MR+ rMut rCorr} for 613 gold pieces
 23665 | Orc:2    | Found the -2 hat of the Alchemist {rElec rPois rF+ rC+ rN+
                  | MR+ rMut rCorr}
 23951 | Orc:1    | Found Ketir's Weapon Emporium.
 24462 | Shoals:1 | Entered Level 1 of the Shoals
 24523 | Shoals:1 | Received a gift from Okawaru
 25058 | Shoals:1 | Noticed a kraken
 25077 | Shoals:1 | Killed a kraken
 25542 | Shoals:1 | Reached skill level 17 in Shields
 25914 | Shoals:2 | Found a frozen archway.
 25932 | IceCv    | Entered an ice cave
 26077 | IceCv    | Received a gift from Okawaru
 26083 | IceCv    | Got a transparent chain mail {god gift}
 26094 | IceCv    | Identified the +7 chain mail of the Vacuum {Dex+4} (Okawaru
                  | gifted it to you in an ice cave)
 26530 | IceCv    | Identified a scroll of acquirement
 26549 | IceCv    | Got a shimmering ring mail
 26560 | IceCv    | Identified the cursed +0 ring mail of the Monk {+Fly rF-
                  | MR++} (You found it in an ice cave)
 26590 | IceCv    | Noticed an Ice Fiend
 27050 | IceCv    | Killed an Ice Fiend
 27357 | IceCv    | Identified the Collected Works on the Escort and Flames
 28063 | Lair:6   | Entered Level 6 of the Lair of Beasts
 28185 | Lair:6   | Reached skill level 15 in Fighting
 28222 | Lair:6   | Reached XP level 16. HP: 102/149 MP: 16/16
 28251 | Lair:6   | Got a bloodstained cloak
 28262 | Lair:6   | Identified the +1 cloak "Yniobb" {SInv} (You found it on
                  | level 6 of the Lair of Beasts)
 28533 | Lair:6   | Reached skill level 15 in Armour
 28639 | Lair:6   | Found a runed translucent gate.
 28639 | Lair:6   | Found a runed translucent gate.
 28648 | Lair:6   | Found a runed translucent gate.
 28648 | Lair:6   | Noticed devtcp's ghost (journeyman MiBe)
 28682 | Lair:6   | Killed devtcp's ghost
 29242 | Lair:6   | Found a staircase to the Slime Pits.
 29740 | Shoals:2 | Received a gift from Okawaru
 29740 | Shoals:2 | Reached skill level 18 in Shields
 29757 | Shoals:2 | Got a bloodstained cloak {god gift}
 29834 | Shoals:2 | Identified the -1 cloak of a treasure trove {rN+} (Okawaru
                  | gifted it to you on level 2 of the Shoals)
 30363 | Shoals:2 | Noticed a kraken
 30389 | Shoals:2 | Killed a kraken
 31878 | D:9      | Bought a scroll of teleportation for 42 gold pieces
 31878 | D:9      | Bought a scroll of acquirement for 728 gold pieces
 31878 | D:9      | Bought a scroll of teleportation for 42 gold pieces
 31878 | D:9      | Bought a scroll of silence for 105 gold pieces
 31878 | D:9      | Bought a scroll of identify for 28 gold pieces
 31878 | D:9      | Bought a scroll of identify for 28 gold pieces
 32046 | D:11     | You paid a toll of 15 scrolls of teleportation to enter a
                  | treasure trove
 32047 | Trove    | Entered a treasure trove
 32070 | Trove    | Got a slimy brass ring
 32080 | Trove    | Got a translucent lead ring
 32086 | Trove    | Identified the ring "Kaowus" {rPois rC++ Str+3} (You found
                  | it in a treasure trove)
 32099 | D:11     | Identified the ring "Porifa Rotacs" {rElec rC+ Dex+2
                  | Stlth-} (You found it in a treasure trove)
 32511 | Elf:1    | Entered Level 1 of the Elven Halls
 32535 | Elf:1    | Found a radiant altar of Vehumet.
 32723 | Elf:1    | Received a gift from Okawaru
 33186 | Elf:1    | Identified the +8 rapier of Slime {vamp, rPois rN+ Str+4}
 33186 | Elf:1    | Identified the +7 quick blade of Massacring {freeze, +Blink
                  | rC+}
 33186 | Elf:1    | Noticed a deep elf blademaster
 33186 | Elf:1    | Identified the +2 longbow of the Hidden Wars {venom, rC+}
 33186 | Elf:1    | Noticed a deep elf master archer
 33187 | Elf:1    | Noticed iamserjio's ghost (adept OpCK)
 33195 | Elf:1    | Found a bloodstained altar of Trog.
 33201 | Elf:1    | Identified the +7 rapier "Banisher" {speed, Int+4 Dex+3}
 33201 | Elf:1    | Identified the +7 rapier of the Swamp {venom, Dex+3}
 33201 | Elf:1    | Noticed a deep elf blademaster
 33218 | Elf:1    | Found a transporter.
 33221 | Elf:1    | Found a transporter.
 33448 | Elf:1    | Reached XP level 17. HP: 144/158 MP: 17/17
 33751 | Elf:1    | Reached skill level 19 in Shields
 34108 | Elf:1    | Killed iamserjio's ghost
 34114 | Elf:1    | Killed a deep elf blademaster
 34114 | Elf:1    | Received a gift from Okawaru
 34116 | Elf:1    | Killed a deep elf master archer
 34122 | Elf:1    | Killed a deep elf blademaster
 34398 | Elf:1    | Got a pair of faintly humming gloves {god gift}
 34411 | Elf:1    | Identified the +2 pair of gloves of Okawaru {-Cast rC+
                  | Regen+ Slay+2} (Okawaru gifted it to you on level 1 of the
                  | Elven Halls)
 35853 | Snake:1  | Entered Level 1 of the Snake Pit
 36068 | Snake:1  | Received a gift from Okawaru
 36071 | Snake:1  | Got a warped long sword {god gift}
 36072 | Snake:1  | Identified the +8 long sword of Woniomis {slice, Int+2
                  | Dex+6} (Okawaru gifted it to you on level 1 of the Snake
                  | Pit)
 36159 | Snake:1  | Got a brightly glowing hat
 36170 | Snake:1  | Identified the +2 hat of Gravitas {*Drain rF- Int+8 SInv}
                  | (You acquired it on level 1 of the Snake Pit)
 36916 | Snake:2  | Found a sparkling altar of Nemelex Xobeh.
 37325 | Snake:2  | Received a gift from Okawaru
 37462 | Snake:2  | Reached skill level 20 in Shields
 37486 | Snake:2  | Found Fiylyck's Gadget Shoppe.
 37487 | Snake:2  | Found Ruiqy's Jewellery Shop.
 37488 | Snake:2  | Found Wenangos's Gadget Shoppe.
 37495 | Snake:2  | Bought a cursed ring of teleportation for 67 gold pieces
 38441 | Shoals:4 | Entered Level 4 of the Shoals
 38542 | Shoals:4 | Found a runed translucent door.
 38565 | Shoals:4 | Identified the cursed +0 robe "Yguuqobo" {*Contam Regen+
                  | Int+2 Dex+2}
 38579 | Shoals:4 | Noticed Ilsuiw
 38629 | Shoals:4 | Reached XP level 18. HP: 76/170 MP: 18/18
 38643 | Shoals:4 | Killed Ilsuiw
 39153 | Shoals:4 | Received a gift from Okawaru
 39166 | Shoals:4 | Got an encrusted long sword {god gift}
 39167 | Shoals:4 | Identified the +1 long sword "Yrghekoq" {vamp, MR+ Stlth+}
                  | (Okawaru gifted it to you on level 4 of the Shoals)
 39697 | Shoals:4 | Got a barnacled rune of Zot
 40198 | Snake:3  | Found a runed translucent door.
 40201 | Snake:3  | Noticed Ypturch's ghost (journeyman MiFi)
 40217 | Snake:3  | Killed Ypturch's ghost
 40302 | Snake:3  | Received a gift from Okawaru
 40971 | Snake:3  | Got a jewelled plate armour
 40982 | Snake:3  | Identified the +14 plate armour of the Lair of Beasts
                  | {rElec rPois MR- Dex-4} (You found it on level 3 of the
                  | Snake Pit)
 41415 | Snake:4  | Entered Level 4 of the Snake Pit
 41519 | Snake:4  | Noticed Agnes
 41530 | Snake:4  | Killed Agnes
 41656 | Snake:4  | Reached skill level 21 in Shields
 42433 | Snake:4  | Noticed Louise
 42444 | Snake:4  | Killed Louise
 42964 | Snake:4  | Received a gift from Okawaru
 43167 | Snake:4  | Received a gift from Okawaru
 43167 | Snake:4  | Reached XP level 19. HP: 169/180 MP: 19/19
 43426 | Snake:4  | Got a serpentine rune of Zot
 44876 | Elf:2    | Found a huge runed translucent gate.
 44876 | Elf:2    | Found a huge runed translucent gate.
 44876 | Elf:2    | Found a huge runed translucent gate.
 44876 | Elf:2    | Found a huge runed translucent gate.
 44878 | Elf:2    | Reached skill level 22 in Shields
 44879 | Elf:2    | Found a huge runed translucent gate.
 45210 | Elf:3    | Entered Level 3 of the Elven Halls
 45289 | Elf:3    | Found Utanirui's Armour Shoppe.
 45290 | Elf:3    | Noticed Bai Suzhen
 45316 | Elf:2    | Killed Bai Suzhen
 45432 | Elf:3    | Received a gift from Okawaru
 45548 | Elf:3    | Found a radiant altar of Vehumet.
 46761 | Elf:3    | Identified the +3 ring mail "Yffa" {Int+4}
 46770 | Elf:3    | Noticed a Brimstone Fiend
 46784 | Elf:3    | Noticed a Brimstone Fiend
 47326 | Elf:3    | Identified the cursed +2 spear "Mutuemum" {freeze, rElec
                  | rF+ Str+2 Int-5}
 47369 | Elf:3    | Identified the +3 trident of Plague {drain, rElec MP+9
                  | Dex-2}
 47814 | Elf:3    | Identified the +4 whip of Gin and Tonic {drain, rC+ MR++
                  | Stlth+}
 47938 | Elf:3    | Identified the Papyrus of the Glacier and Aid
 48777 | Vaults:1 | Entered Level 1 of the Vaults
 48790 | Vaults:1 | Received a gift from Okawaru
 48797 | Vaults:1 | Reached XP level 20. HP: 163/191 MP: 20/20
 48974 | Vaults:1 | Found Onugeew's General Store.
 48974 | Vaults:1 | Found Refeas's Book Emporium.
 49000 | Vaults:1 | Reached skill level 23 in Shields
 49033 | Vaults:1 | Found Erhoth's General Store.
 49155 | Vaults:1 | Bought a scroll of enchant weapon for 127 gold pieces
 49168 | Vaults:1 | Bought a scroll of teleportation for 51 gold pieces
 49356 | Vaults:1 | Received a gift from Okawaru
 49603 | Vaults:1 | Received a gift from Okawaru
 50339 | Vaults:1 | Found a deep blue altar of Sif Muna.
 50748 | Vaults:2 | Noticed Margery
 50781 | Vaults:2 | Killed Margery
 50781 | Vaults:2 | Received a gift from Okawaru
 50788 | Vaults:2 | Noticed Frederick
 50814 | Vaults:2 | Killed Frederick
 51075 | Vaults:2 | Reached skill level 24 in Shields
 51433 | Vaults:2 | Reached XP level 21. HP: 191/201 MP: 21/21
 51911 | Vaults:2 | Received a gift from Okawaru
 52452 | Vaults:2 | Paralysed by a sphinx for 7 turns
 53194 | Vaults:3 | Found a staircase to the Crypt.
 53574 | Vaults:3 | Found Cukib's General Store.
 54188 | Vaults:4 | Reached skill level 25 in Shields
 54590 | Vaults:4 | Received a gift from Okawaru
 54952 | Vaults:4 | Found Doiq's Magic Scroll Shoppe.
 54960 | Vaults:4 | Bought a scroll of teleportation for 60 gold pieces
 54960 | Vaults:4 | Bought a scroll of teleportation for 60 gold pieces
 54960 | Vaults:4 | Bought a scroll of identify for 40 gold pieces
 54960 | Vaults:4 | Bought a scroll of blinking for 150 gold pieces
 54960 | Vaults:4 | Bought a scroll of fog for 40 gold pieces
 55129 | Vaults:4 | Reached XP level 22. HP: 42/213 MP: 22/22
 55742 | Vaults:4 | Found Degroelo's Magic Scroll Emporium.
 55744 | Vaults:4 | Found Cimn's Weapon Shop.
 55748 | Vaults:4 | Bought a scroll of teleportation for 39 gold pieces
 55748 | Vaults:4 | Bought a scroll of enchant weapon for 97 gold pieces
 55748 | Vaults:4 | Bought a scroll of enchant armour for 97 gold pieces
 55748 | Vaults:4 | Bought a scroll of identify for 26 gold pieces
 55748 | Vaults:4 | Bought a scroll of identify for 26 gold pieces
 55761 | Vaults:4 | Found Patet's General Store.
 55831 | Vaults:4 | Found Minow's Armour Shop.
 56100 | Vaults:5 | Entered Level 5 of the Vaults
 56204 | Vaults:5 | Received a gift from Okawaru
 56549 | Vaults:5 | Noticed Mara
 56564 | Vaults:5 | HP: 10/213 [yaktaur captain (8)]
 56568 | Vaults:5 | Hit by a large rock thrown by a stone giant

Levels and vault maps discovered:
D:1:      dpeg_arrival_tiny_a, layout_loops_ring
D:2:      layout_basic, overflow_temple_1_default,
          grunt_temple_overflow_cloverleaf, chequers_ecumenical_altar_grove,
          nemelex_dance_club_becter
D:3:      layout_loops_corners
D:4:      layout_layer_cave, gammafunk_ghost_nasty_kobolds, uniq_natasha,
          uniq_crazy_yiuf_cottage, uniq_edmund
D:5:      minmay_goblin_kobold_castle, layout_basic, first_ration,
          ebering_dispersal_statue_hall
D:6:      layout_layer_cave, basic_altar, uniq_grinder
D:7:      layout_basic, minmay_temple_entry_antechambers, serial_shops, shop,
          shop, shop
D:8:      layout_basic, nicolae_overflow_hidden_temple, dpeg_oklobed_lair,
          grunt_pizzeria, uniq_erica
D:9:      layout_layer_cave, kennysheep_mini, serial_shops, kennysheep_mini_moat
D:10:     layout_big_octagon, basic_altar, nicolae_alphabet_shops,
          corner_web_ring, minmay_crystal_room, nrook_campfire, uniq_fannar
D:11:     layout_loops_corners, david_orc_4, serial_shops, shop_fountains,
          nicolae_trove_entry_crystal, amethyst_killhole
D:12:     minmay_separated_statues, layout_basic, grunt_decor_arrowhead
D:13:     layout_loops_cross, tgw_lugonu_bribe
D:14:     layout_loops_ring, grunt_vaults_entry_tiered, nicolae_two_hexagons
D:15:     hangedman_depths_entry_civil_slaughter, layout_rooms,
          biasface_ghost_orc_armoury, kennysheep_pointless_box,
          grunt_dithmenos_smoke_and_mirrors
Temple:   regret_index_temple_generic_petals
Lair:1:   layout_layer_cave, serial_bayou_pond_e, grunt_megastairs_5,
          serial_bayou_shore_b, uniq_nergalle, uniq_joseph, uniq_sonja
Lair:2:   layout_regular_city, minmay_shoals_entry_hut,
          minmay_snake_entry_guardpost_medium, enter_volcano_2,
          infiniplex_staircase_pool_2, serial_bayou_shore_a
Lair:3:   layout_cave_shapes, grunt_forest_large_clearings
Lair:4:   layout_loops_ring
Lair:5:   layout_hall_layers, cheibrodos_lair_reptile_den, lemuel_fruit_fields
Lair:6:   grunt_lair_end_beastmaster, layout_small_grid,
          dpeg_slime_entry_corner, gammafunk_ghost_hydra_chop, pond,
          lemuel_fruit_fields
Shoals:1: layout_shoals
Shoals:2: layout_shoals, portal_ice_cave_entry_frozen_things,
          hangedman_shoal_volcano
Shoals:3: layout_shoals
Shoals:4: shoals_end_grunt_garden, layout_shoals, shoal_ilsuiw, lightli_airlock
Snake:1:  layout_grid_shapes
Snake:2:  layout_layer_cave, basic_altar, grunt_megastairs_1, minmay_shop_grove
Snake:3:  layout_layer_cave, ebering_ghost_inner_flame
Snake:4:  johnstein_snake_rune_scales, layout_chambers, guppyfry_snake_island,
          grunt_megastairs_2, uniq_agnes, uniq_louise
Orc:1:    layout_caves, serial_shops, nicolae_shop_statue_plus, shop, shop,
          nicolae_shop_behind_doors
Orc:2:    grunt_orc_community_town_hall, layout_caves,
          grunt_orc_community_big_house_2, grunt_orc_community_big_house_1,
          grunt_orc_community_house_1, grunt_orc_community_house_3,
          grunt_orc_community_house_2, grunt_orc_community_house_2,
          grunt_orc_community_house_2, ebering_ghost_reflecting_pool,
          bloody_trog
Elf:1:    eino_elf_arrival_altar, layout_loops_corners,
          gammafunk_ghost_wrathful_warriors, hangedman_elf_represent
Elf:2:    layout_onion_city, dk_noncrumbling_4
Elf:3:    minmay_elf_hall_curves, layout_gridlike, serial_shops, shop_fountains,
          basic_altar, grunt_ministairs_10, uniq_bai_suzhen
Vaults:1: v_misc_26, v_misc_11, nicolae_vaults_network_star, vaults_dpeg_hooks,
          nicolae_vaults_network_quinsquares
          [nicolae_vaults_network_quincunx_subvault,
          nicolae_vaults_network_quincunx_subvault,
          nicolae_vaults_network_quincunx_subvault,
          nicolae_vaults_network_quincunx_subvault], hangedman_vaults_nodes,
          vaults_dpeg_encased_lava, v_misc_29, vaults_room_semicircle,
          hangedman_vaults_hard_town_square, nicolae_vaults_little_squares_2,
          layout_vaults_maze_bifur, basic_altar
Vaults:2: nicolae_vaults_alarming, nicolae_vaults_little_ls, vaults_room_fours,
          ontoclasm_vaults_eye, ontoclasm_vaults_misaligned, v_rooms_3,
          v_misc_17, nicolae_vaults_little_squares_6, dpeg_vaults_waves,
          nicolae_vaults_little_squares_2, layout_vaults_omnigrid, uniq_margery,
          uniq_frederick
Vaults:3: v_misc_16, minmay_crypt_entry_simple_sparse, v_misc_10,
          vaults_room_fancy_cross, v_misc_27, ontoclasm_vaults_decontamination,
          v_alt_pattern_2, nicolae_vaults_yaktaur_gun_rack,
          nicolae_vaults_little_squares_4, v_misc_3, v_rooms_4,
          vaults_room_pools, ontoclasm_vaults_loading_screen,
          vaults_room_mumra_shop_pool, nicolae_vaults_gold_heap,
          layout_vaults_omnicross
Vaults:4: v_pattern_4, v_rooms_6, v_alt_pattern_4,
          nicolae_vaults_three_branches, v_misc_2, vaults_room_octagon,
          vaults_room_octagon, vaults_room_pools, v_misc_1,
          hangedman_vaults_impose, hangedman_vaults_maws, nicolae_vaults_theta,
          grunt_vaults_hallway_long, ontoclasm_vaults_gateway, v_alt_pattern_1,
          layout_vaults_ring, serial_shops, shop_fountains, shop,
          nicolae_shop_statue_plus, shop, nicolae_shop_crystal
Vaults:5: uniq_mara, uniq_mennas, uniq_saint_roka

Skill      XL: |  1  2  3  4  5  6  7  8  9 10 11 12 13 14 15 16 17 18 19 20 21 |
---------------+----------------------------------------------------------------+-----
Fighting       | 4 5 6 8 9 11 12 13 15 16 17 18 19 20 21 | 21.3
Armour         | 4 5 6 7 8 9 10 11 13 14 15 16 17 18 | 18.6
Shields        | 4 5 6 7 8 10 11 13 14 16 17 18 20 21 22 24 25 | 25.9
Long Blades    | 3 4 5 6 7 9 11 13 14 15 16 17 18 19 20 21 22 | 22.5
Dodging        | 1 2 3 4 5 6 7 8 |  8.1
Stealth        | 1 2 3 |  3.8
Evocations     | 1 2 |  2.1
Invocations    | 1 2 |  2.1

Action                   |  1- 3 |  4- 6 |  7- 9 | 10-12 | 13-15 | 16-18 | 19-21 | 22-24 || total
-------------------------+-------+-------+-------+-------+-------+-------+-------+-------++-------
Melee: Long sword        |   121 |   153 |   342 |       |       |       |       |       ||   616
       Headbutt          |    13 |    27 |    75 |   199 |   442 |   463 |   424 |    50 ||  1693
       Scimitar          |       |       |    20 |   717 |   536 |    31 |       |       ||  1304
       Double sword      |       |       |       |       |   714 |  1124 |  1405 |   125 ||  3368
       Demon blade       |       |       |       |       |   106 |   233 |       |    25 ||   364
Invok: Heroism           |       |       |       |     6 |     7 |     7 |     2 |     3 ||    25
Evoke: Wand              |       |       |       |     8 |    17 |       |     4 |       ||    29
  Use: Potion            |       |     1 |     1 |     1 |     2 |     4 |    11 |     5 ||    25
       Scroll            |       |       |       |    11 |    18 |    10 |    11 |     1 ||    51
 Stab: Distracted        |       |       |       |       |     1 |     1 |     2 |       ||     4
  Eat: Chunk             |     4 |    11 |    14 |    36 |    51 |    34 |    29 |     4 ||   183
       Ration            |       |       |       |     1 |       |     4 |     3 |       ||     8
Armor: Scale mail        |    60 |    30 |       |       |       |       |       |       ||    90
       Chain mail        |       |    25 |   138 |    86 |    73 |   444 |       |       ||   766
       Plate armour      |       |       |       |   143 |   482 |   176 |   593 |   118 ||  1512
Dodge: Dodged            |    47 |    36 |    79 |   181 |   447 |   588 |   483 |    80 ||  1941
Block: Shield            |    78 |    84 |   202 |   452 |  1087 |  1362 |    18 |       ||  3283
       Large shield      |       |       |       |       |       |       |  1826 |   297 ||  2123
       Reflection        |       |       |       |       |       |       |   148 |     6 ||   154
       Rpst.: Long sword |    13 |     7 |    18 |       |       |       |       |       ||    38
       Scimitar          |       |       |       |    39 |    41 |     2 |       |       ||    82
       Double sword      |       |       |       |       |    49 |    83 |    83 |    18 ||   233
       Demon blade       |       |       |       |       |     6 |    18 |       |     3 ||    27

Table legend:
 A = Non-vault XP
 B = Vault XP
 C = Vault XP percentage of total XP
 D = Non-vault monster count
 E = Vault monster count
 F = Vault count percentage of total count
                 A         B        C        D         E       F
            +---------+---------+-------+---------+---------+-------
      Total |  384523 |  361687 |  48.5 |    1084 |     691 |  38.9
            +---------+---------+-------+---------+---------+-------
        D:1 |      36 |       0 |   0.0 |      21 |       0 |   0.0
        D:2 |      48 |      11 |  18.6 |      27 |       2 |   6.9
        D:3 |     210 |     157 |  42.8 |      37 |       1 |   2.6
        D:4 |     585 |     374 |  39.0 |      27 |      14 |  34.1
        D:5 |     829 |     670 |  44.7 |      25 |      45 |  64.3
        D:6 |    1403 |     300 |  17.6 |      38 |       1 |   2.6
        D:7 |     559 |       0 |   0.0 |      13 |       0 |   0.0
        D:8 |    1517 |    1079 |  41.6 |      19 |       2 |   9.5
        D:9 |     791 |       0 |   0.0 |      15 |       0 |   0.0
       D:10 |    1618 |    1007 |  38.4 |       9 |       1 |  10.0
       D:11 |    6475 |     800 |  11.0 |      47 |      16 |  25.4
       D:12 |    6029 |    1099 |  15.4 |      49 |       2 |   3.9
       D:13 |    4184 |       0 |   0.0 |      20 |       0 |   0.0
       D:14 |    2763 |    8167 |  74.7 |      13 |      25 |  65.8
       D:15 |   13026 |    8288 |  38.9 |      30 |      22 |  42.3
     Lair:1 |    4800 |    2077 |  30.2 |      14 |       3 |  17.6
     Lair:2 |    2337 |    1083 |  31.7 |      11 |       6 |  35.3
     Lair:3 |    3537 |    3552 |  50.1 |      16 |      23 |  59.0
     Lair:4 |    4671 |       0 |   0.0 |      15 |       0 |   0.0
     Lair:5 |    7180 |     738 |   9.3 |      20 |       2 |   9.1
     Lair:6 |   11028 |   13222 |  54.5 |      41 |      27 |  39.7
   Shoals:1 |   17525 |       0 |   0.0 |      35 |       0 |   0.0
   Shoals:2 |   18074 |    4608 |  20.3 |      32 |      10 |  23.8
   Shoals:3 |   14452 |       0 |   0.0 |      32 |       0 |   0.0
   Shoals:4 |    6738 |   28951 |  81.1 |      15 |      48 |  76.2
    Snake:1 |   11611 |       0 |   0.0 |      25 |       0 |   0.0
    Snake:2 |   19699 |    3174 |  13.9 |      37 |       8 |  17.8
    Snake:3 |   14005 |    2322 |  14.2 |      21 |       2 |   8.7
    Snake:4 |   20907 |   44341 |  68.0 |      40 |      65 |  61.9
      Orc:1 |    1952 |       0 |   0.0 |      46 |       0 |   0.0
      Orc:2 |    1735 |    8198 |  82.5 |      13 |      72 |  84.7
      Elf:1 |   25511 |   20101 |  44.1 |      35 |      21 |  37.5
      Elf:2 |    9804 |    7286 |  42.6 |      17 |       3 |  15.0
      Elf:3 |   12678 |   45113 |  78.1 |      24 |      33 |  57.9
   Vaults:1 |   34495 |   40452 |  54.0 |      61 |      54 |  47.0
   Vaults:2 |   38674 |   29618 |  43.4 |      50 |      25 |  33.3
   Vaults:3 |   21522 |   20918 |  49.3 |      38 |      28 |  42.4
   Vaults:4 |   37969 |   40933 |  51.9 |      54 |      50 |  48.1
   Vaults:5 |    3546 |    6600 |  65.1 |       2 |       5 |  71.4
      IceCv |       0 |   11248 | 100.0 |       0 |      59 | 100.0
    Volcano |       0 |    5200 | 100.0 |       0 |      16 | 100.0
            +---------+---------+-------+---------+---------+-------
